 Dungeon Crawl Stone Soup version 0.24-a0-521-g122614b (webtiles) character file.

Game seed: 7029742584152995733

6365 bananamous the Cleaver (level 10, -3/86 HPs)
             Began as a Minotaur Berserker on July 28, 2019.
             Was a High Priest of Trog.
             Shot with an arrow by a centaur warrior (4 damage)
             ... on level 11 of the Dungeon.
             The game lasted 00:38:08 (9150 turns).

bananamous the Cleaver (Minotaur Berserker)         Turns: 9150, Time: 00:38:08

Health: -3/86      AC: 15    Str: 27    XL:     10   Next: 65%
Magic:  9/9        EV:  7    Int:  4    God:    Trog [*****.]
Gold:   718        SH: 13    Dex: 10    Spells: 9/9 levels left

rFire    + . .     SeeInvis .   o - +0 war axe
rCold    . . .     Gourm    +   h - +2 shield
rNeg     . . .     Faith    .   B - +0 plate armour
rPois    .         Spirit   .   t - +2 hat
rElec    .         Reflect  .   (no cloak)
rCorr    .         Harm     .   (no gloves)
MR       .....                  (no boots)
Stlth    ..........             y - amulet of the gourmand
HPRegen  0.24/turn              p - ring of protection from cold
MPRegen  0.11/turn              z - ring "Zuttob" {Fire +Fly Str+2 Slay+2}

@: no status effects
A: retaliatory headbutt, horns 2
a: Berserk, Trog's Hand, Brothers in Arms, Renounce Religion, Evoke Flight


You were on level 11 of the Dungeon.
You worshipped Trog.
Trog was extremely pleased with you.
You were not hungry.

You visited 1 branch of the dungeon, and saw 11 of its levels.

You collected 718 gold pieces.

Inventory:

Hand Weapons
 a - a +0 hand axe
 o - a +0 war axe (weapon)
Missiles
 s - a boomerang of dispersal
 x - 2 boomerangs (quivered)
Armour
 h - a +2 shield (worn)
 t - a +2 hat (worn)
 B - a +0 plate armour (worn)
Jewellery
 p - a ring of protection from cold (left hand)
 v - an uncursed ring of flight
 y - an amulet of the gourmand (around neck)
 z - the ring "Zuttob" (right hand) {Fire +Fly Str+2 Slay+2}
   (You found it on level 9 of the Dungeon)

   [ring of fire]

   It enhances your fire magic.
   It affects your strength (+2).
   It affects your accuracy and damage with ranged weapons and melee attacks
   (+2).
   It protects you from fire.
   It makes you vulnerable to cold.
   It lets you fly.
Wands
 u - a wand of digging (2)
 C - a wand of random effects (36)
Scrolls
 b - 6 scrolls of teleportation
 e - a scroll of amnesia {unknown}
 i - a scroll of blinking
 j - 5 scrolls of remove curse
 l - a scroll of enchant armour
 q - a scroll of fear
Potions
 d - 4 potions of might
 f - 4 potions of curing
 g - a potion of lignification {unknown}
 k - a potion of flight {unknown}
 m - a potion of invisibility {unknown}
 n - 2 potions of heal wounds
 r - 4 potions of brilliance {unknown}
 w - a potion of agility {unknown}
 A - a potion of ambrosia {unknown}
Comestibles
 c - 16 rations


   Skills:
 + Level 7.2 Fighting
 * Level 14.1 Axes
 + Level 8.4 Armour
 + Level 4.9 Dodging
 + Level 6.5 Shields


You had 9 spell levels left.
You didn't know any spells.
Your spell library was empty.

Dungeon Overview and Level Annotations

Branches:
Dungeon (11/15)            Temple (0/1) D:4             Orc (0/2) D:11
   Lair: D:8-11

Altars:
Cheibriados
Hepliaklqana
Xom
Zin

Shops:
D:6 :


Innate Abilities, Weirdness & Mutations

You reflexively headbutt those who attack you in melee.
You have a pair of horns on your head.


Message History

* * * LOW HITPOINT WARNING * * *
The centaur warrior shoots an arrow.
The arrow hits you but does no damage.
The centaur warrior shoots an arrow.
The arrow hits you.
* * * LOW HITPOINT WARNING * * *
The arrow freezes you.
* * * LOW HITPOINT WARNING * * *
The centaur warrior shoots an arrow.
The arrow hits you but does no damage.
You hear a shout!
You see here 2 arrows.
Unknown command.
There is a stone staircase leading up here.
The centaur warrior shoots an arrow.
The arrow hits you.
* * * LOW HITPOINT WARNING * * *
The arrow freezes you.
* * * LOW HITPOINT WARNING * * *
The centaur shoots an arrow.
You block the arrow.
The centaur warrior shoots an arrow.
The arrow hits you!
* * * LOW HITPOINT WARNING * * *
The arrow freezes you.
You die...

#########################
.........)c.....@........
.............(......###.
.........c..........# ...
.....((z.((.........###...
.##########.................
()# #...#..................
8.# #.8[[)###...............
(.## ##.))###
##.............. .#†###)####
#..............


You could see a centaur warrior and a centaur.

Vanquished Creatures
  A two-headed ogre (D:9)
  2 hippogriffs
  6 yaks (D:10)
  A hungry ghost (D:7)
  A steam dragon (D:7)
  An ice beast (D:7)
  2 black bears
  A sky beast (D:9)
  7 orc warriors
  2 phantoms
  An ogre (D:5)
  7 bullfrogs
  A gnoll sergeant (D:8)
  2 scorpions
  A hornet simulacrum (D:9)
  2 water moccasin skeletons
  3 howler monkeys
  7 crimson imps
  3 quasits
  2 bullfrog zombies
  2 jellies
  2 centaur zombies
  3 hounds
  A centaur skeleton (D:7)
  5 orc priests
  8 orc wizards
  5 iguanas
  6 worker ants
  3 hound zombies
  A worker ant zombie (D:5)
  4 gnolls (D:8)
  2 howler monkey skeletons
  7 adders
  A shadow imp (D:5)
  A white imp (D:9)
  2 adder skeletons (D:5)
  2 worms
  A dart slug (D:4)
  6 leopard geckos
  66 orcs
  6 giant cockroaches
  5 goblins
  11 hobgoblins
  20 jackals
  9 kobolds
  6 quokkas
  3 ball pythons
  6 bats
  5 frilled lizards
  A leopard gecko skeleton (D:6)
  2 quokka zombies
  7 rats
262 creatures vanquished.

Vanquished Creatures (collateral kills)
  The ghost of Spazmo the Thaumaturge, a journeyman DEFE of Vehumet (D:9)
  2 ice beasts (D:9)
  A white imp (D:9)
  A worker ant simulacrum (D:9)
  A leopard gecko simulacrum (D:9)
6 creatures vanquished.

Grand Total: 268 creatures vanquished

Notes
Turn   | Place    | Note
-------+----------+-------------------------------------------
     0 | D:1      | bananamous the Minotaur Berserker began the quest for the
                  | Orb.
     0 | D:1      | Reached XP level 1. HP: 19/19 MP: 0/0
   322 | D:1      | Reached skill level 4 in Axes
   322 | D:1      | Reached XP level 2. HP: 27/27 MP: 1/1
   758 | D:1      | Reached XP level 3. HP: 29/33 MP: 2/2
   819 | D:2      | Reached ** piety under Trog
  1141 | D:2      | Reached skill level 5 in Axes
  1332 | D:2      | Reached XP level 4. HP: 28/40 MP: 3/3
  1899 | D:3      | Reached skill level 1 in Shields
  1965 | D:3      | Found a shimmering altar of Xom.
  1992 | D:3      | Reached XP level 5. HP: 24/46 MP: 4/4
  2152 | D:3      | Reached skill level 6 in Axes
  2532 | D:3      | Reached *** piety under Trog
  2641 | D:4      | Found a staircase to the Ecumenical Temple.
  2699 | D:4      | Reached XP level 6. HP: 37/52 MP: 5/5
  3352 | D:4      | Reached skill level 7 in Axes
  3523 | D:5      | Entered Level 5 of the Dungeon
  3666 | D:5      | You fall into a shaft and drop 3 floors!
  3675 | D:8      | Noticed a hippogriff
  3682 | D:6      | Found Qevak's Book Emporium.
  3738 | D:5      | Reached XP level 7. HP: 60/60 MP: 6/6
  3795 | D:5      | Reached skill level 8 in Axes
  4734 | D:6      | Reached **** piety under Trog
  4805 | D:6      | Reached skill level 9 in Axes
  4805 | D:6      | Reached XP level 8. HP: 54/67 MP: 7/7
  4916 | D:6      | Reached skill level 5 in Fighting
  4916 | D:6      | Reached skill level 5 in Armour
  5824 | D:7      | Reached skill level 10 in Axes
  6117 | D:7      | Noticed a hippogriff
  6121 | D:7      | Killed a hippogriff
  6121 | D:7      | Reached skill level 11 in Axes
  6121 | D:7      | Reached XP level 9. HP: 75/75 MP: 8/8
  6243 | D:7      | Found a snail-covered altar of Cheibriados.
  6244 | D:7      | Found a glowing silver altar of Zin.
  6796 | D:8      | Reached skill level 5 in Shields
  7452 | D:9      | Reached skill level 12 in Axes
  7464 | D:9      | Found a shimmering altar of Xom.
  7488 | D:9      | Found a runed translucent gate.
  7488 | D:9      | Found a runed translucent gate.
  7488 | D:9      | Found a runed translucent gate.
  7503 | D:9      | Noticed Spazmo's ghost (journeyman DEFE)
  7805 | D:9      | Noticed a two-headed ogre
  7811 | D:9      | Killed a two-headed ogre
  7811 | D:9      | Reached XP level 10. HP: 76/84 MP: 9/9
  7910 | D:9      | Found a hazy altar of Hepliaklqana.
  8029 | D:9      | Killed Spazmo's ghost
  8029 | D:9      | Reached skill level 13 in Axes
  8051 | D:9      | Got the ring "Zuttob" {Fire}
  8056 | D:9      | Identified the ring "Zuttob" {Fire +Fly Str+2 Slay+2} (You
                  | found it on level 9 of the Dungeon)
  8207 | D:10     | Entered Level 10 of the Dungeon
  8231 | D:10     | Reached ***** piety under Trog
  9004 | D:11     | Found a staircase to the Orcish Mines.
  9017 | D:11     | Reached skill level 14 in Axes
  9098 | D:11     | Noticed a purple ugly thing
  9115 | D:11     | Noticed a centaur warrior
  9150 | D:11     | HP: 1/86 [centaur warrior/arrow (13)]
  9150 | D:11     | Shot with an arrow by a centaur warrior

Levels and vault maps discovered:
D:1:      dpeg_arrival_tiny_j, layout_rooms, chequers_jeans
D:2:      layout_loops_ring
D:3:      layout_loops_ring, led_xom_imps
D:4:      layout_basic, minmay_temple_entry_mist, first_ration
D:5:      layout_gridville
D:6:      layout_basic, serial_shops, shop
D:7:      layout_loops_ring, gammafunk_temple_overflow_statue
D:8:      layout_loops_ring
D:9:      layout_roguey, overflow_temple_1_default, lemuel_doored_altar,
          gammafunk_ghost_icy
D:10:     layout_basic
D:11:     layout_big_octagon, david_lair_generic, hiddenorc2_lemuel,
          grunt_tengu_nest, uniq_psyche

Skill      XL: |  1  2  3  4  5  6  7  8  9 10 |
---------------+-------------------------------+-----
Axes           | 4 5 6 7 9 11 12 14 | 14.1
Armour         | 3 4 6 7 8 |  8.4
Shields        | 1 2 3 4 5 6 |  6.5
Fighting       | 4 5 6 7 |  7.2
Dodging        | 3 4 |  4.9

Action                   |  1- 3 |  4- 6 |  7- 9 | 10-12 || total
-------------------------+-------+-------+-------+-------++-------
Melee: Hand axe          |   173 |   101 |       |       ||   274
       Headbutt          |    20 |    26 |    62 |    32 ||   140
       War axe           |       |    57 |   340 |   119 ||   516
Throw: Boomerang         |       |       |       |     6 ||     6
Invok: Berserk           |       |     1 |     5 |       ||     6
       Trog's Hand       |       |     1 |     1 |       ||     2
       Brothers in Arms  |       |       |       |     1 ||     1
Evoke: Wand              |       |     2 |     8 |       ||    10
  Use: Scroll            |       |    10 |     2 |     5 ||    17
       Potion            |       |       |     2 |       ||     2
  Eat: Chunk             |     2 |     8 |    11 |    11 ||    32
       Ration            |       |       |     3 |       ||     3
Armor: Scale mail        |    69 |    43 |    96 |       ||   208
       Animal skin       |     1 |       |       |       ||     1
       Chain mail        |       |       |     8 |    18 ||    26
       Plate armour      |       |       |       |    33 ||    33
Dodge: Dodged            |    63 |    37 |   119 |    26 ||   245
Block: Shield            |    49 |    65 |   148 |    60 ||   322

Table legend:
 A = Non-vault XP
 B = Vault XP
 C = Vault XP percentage of total XP
 D = Non-vault monster count
 E = Vault monster count
 F = Vault count percentage of total count
                 A         B        C        D         E       F
            +---------+---------+-------+---------+---------+-------
      Total |    7775 |    1319 |  14.5 |     226 |      42 |  15.7
            +---------+---------+-------+---------+---------+-------
        D:1 |      43 |       0 |   0.0 |      24 |       0 |   0.0
        D:2 |      86 |       0 |   0.0 |      24 |       0 |   0.0
        D:3 |      41 |     192 |  82.4 |      22 |       4 |  15.4
        D:4 |     263 |       0 |   0.0 |      16 |       0 |   0.0
        D:5 |     603 |       0 |   0.0 |      27 |       0 |   0.0
        D:6 |     482 |       0 |   0.0 |      20 |       0 |   0.0
        D:7 |    1665 |       0 |   0.0 |      31 |       0 |   0.0
        D:8 |     914 |       0 |   0.0 |      16 |       0 |   0.0
        D:9 |    1694 |     652 |  27.8 |      17 |       8 |  32.0
       D:10 |    1909 |       0 |   0.0 |      26 |       0 |   0.0
       D:11 |      75 |     475 |  86.4 |       3 |      30 |  90.9
            +---------+---------+-------+---------+---------+-------
